 Dungeon Crawl Stone Soup version 0.25-a0-699-g25a338df49 (webtiles) character file.

Game seed: 13109767794515441609, levelgen mode: deterministic

15829 DasRunzen the Destroyer (level 11, -5/95 HPs)
             Began as a Demigod Conjurer on Apr 2, 2020.
             Slain by Snorg (18 damage)
             ... on level 12 of the Dungeon.
             The game lasted 00:44:14 (14151 turns).

DasRunzen the Destroyer (Demigod Conjurer)         Turns: 14151, Time: 00:44:16

Health: -5/95      AC:  4    Str: 11    XL:     11   Next: 73%
Magic:  23/27      EV: 19    Int: 25    God:
Gold:   178        SH:  0    Dex: 20    Spells: 18/26 levels left

rFire    + . .     SeeInvis .   y - +5 falchion (freeze)
rCold    . . .     Gourm    .   (no shield)
rNeg     . . .     Faith    .   v - +2 robe {rF+}
rPois    .         Spirit   .   (no helmet)
rElec    .         Reflect  .   (no cloak)
rCorr    +         Harm     .   z - +0 pair of gloves of Marbles {rCorr Slay+2} (curse)
MR       +....     Rnd*Tele +   (no boots)
Stlth    ++........             i - amulet of inaccuracy (curse)
HPRegen  0.25/turn              o - +2 ring of dexterity
MPRegen  0.20/turn              w - ring of teleportation (curse)

@: mighty
A: agile 1, deformed body, high mp 1
a: no special abilities


You were on level 12 of the Dungeon.
You were hungry.

You visited 1 branch of the dungeon, and saw 12 of its levels.

You collected 538 gold pieces.
You spent 360 gold pieces at shops.

Inventory:

Hand Weapons
 b - a +3 spear
 l - a cursed +4 battleaxe
 y - a +5 falchion of freezing (weapon)
Armour
 g - a +0 pair of gloves
 v - a +2 robe of fire resistance (worn)
 z - the cursed +0 pair of gloves of Marbles (worn) {rCorr Slay+2}
   (You bought it in a shop on level 10 of the Dungeon)

   It affects your accuracy and damage with ranged weapons and melee attacks
   (+2).
   It provides partial protection from all sources of acid and corrosion.
   It has a curse placed upon it.
Jewellery
 a - an uncursed ring of protection from fire
 i - a cursed amulet of inaccuracy (around neck)
 o - a +2 ring of dexterity (left hand)
 w - a cursed ring of teleportation (right hand)
Wands
 s - a wand of iceblast (14)
 t - a wand of flame (14)
 x - a wand of paralysis (19)
Scrolls
 f - a scroll of vulnerability {unknown}
 m - 2 scrolls of teleportation
 r - 2 scrolls of amnesia
 C - 2 scrolls of identify
 D - a scroll of magic mapping
 E - a scroll of fog
Potions
 d - 3 potions of haste
 e - a potion of invisibility
 h - 4 potions of curing
 j - a potion of resistance
 k - 2 potions of stabbing
 n - 3 potions of magic
 q - 3 potions of ambrosia
 u - a potion of brilliance
 A - 3 potions of lignification
Comestibles
 c - 22 rations


   Skills:
 + Level 8.7 Fighting
 + Level 9.0 Dodging
 - Level 1.7 Stealth
 + Level 8.3 Spellcasting
 + Level 9.5 Conjurations
 + Level 4.9 Fire Magic


You had 18 spell levels left.
You knew the following spells:

 Your Spells              Type           Power        Failure   Level  Hunger
a - Magic Dart            Conj           ####         1%          1    None
b - Searing Ray           Conj           ######       1%          2    None
c - Fireball              Conj/Fire      #####.....   9%          5    ####...

Your spell library contained the following spells:

 Spells                   Type           Power        Failure   Level  Hunger
 Foxfire                  Conj/Fire      ####         1%          1    None
 Conjure Flame            Conj/Fire      #####...     1%          3    None
 Dazzling Flash           Conj/Hex       ####..       2%          3    None
 Sticky Flame             Conj/Fire      #####...     3%          4    ##.....
 Mephitic Cloud           Conj/Pois/Air  ####....     4%          3    None
 Animate Skeleton         Necr           N/A          6%          1    None
 Apportation              Tloc           ##....       6%          1    None
 Corona                   Hex            ##.....      6%          1    None
 Sting                    Tmut/Pois      ##..         6%          1    None
 Summon Small Mammal      Summ           ##..         6%          1    None
 Inner Flame              Hex/Fire       ###.....     6%          3    None
 Blink                    Tloc           N/A          9%          2    None
 Call Imp                 Summ           ##......     9%          2    None
 Poisonous Vapours        Pois/Air       ##....       9%          2    None
 Slow                     Hex            ##......     9%          2    None
 Ignite Poison            Fire/Tmut/Pois ###.....     9%          3    None
 Fulminant Prism          Conj/Hex       ####......   9%          4    ##.....
 Iskenderun's Mystic Bla  Conj/Tloc      ####....     9%          4    ##.....
 Olgreb's Toxic Radiance  Pois           ##......     50%         4    ##.....


Dungeon Overview and Level Annotations

Branches:
Dungeon (12/15)            Temple (0/1) D:4            Lair (0/6) D:8
    Orc (0/2) D:10

Shops:
D:6 [   D:9 }   D:10 [

Annotations:
D:12 Snorg


Innate Abilities, Weirdness & Mutations

You have an increased reservoir of magic. (+10% MP)
You are agile. (Dex +2)
Armour fits poorly on your strangely shaped body.


Message History

Snorg is moderately wounded.
Snorg closely misses you. Snorg claws you! Snorg completely misses you.
The searing ray hits Snorg!
Snorg is heavily wounded.
You finish channeling your searing ray.
Snorg bites you! Snorg closely misses you. Snorg claws you but does no damage.
You closely miss Snorg.
Snorg is heavily wounded.
Snorg goes berserk!
You slash Snorg! You freeze Snorg.
Snorg is heavily wounded.
Snorg bites you! Snorg claws you! Snorg completely misses you. Snorg bites you!
Snorg misses you. Snorg claws you!
You slash Snorg! You freeze Snorg.
Snorg is severely wounded.
Snorg bites you!!
* * * LOW HITPOINT WARNING * * *
Snorg closely misses you. Snorg barely misses you. Snorg completely misses you.
Snorg claws you!!
You die...

.#.##.###.# #.######### #..# #.
...##.##..# #.# ##.####.
##.##.##..###.## #.##.#.
...............# #.##.##
##.#####....##.# ####.##.##
#.######.#.##.#########.........
#.................()))...(......
########...........######...#...
########.......T@#### #.....##
...............#.# #.....##
########.......#.# ###.#### #####
#......##.# #.##.. #...#
#......##'######## #..#.#
#...#####...............# ##....
#...##....#####.........#####....
#...##....# #...........##..#.#.#
'.........# #.#.........##.##...}


You could see Snorg (berserk).

Vanquished Creatures
  A two-headed ogre (D:11)
  Pikel (D:7)
  2 ugly things
  2 deep elf magi (D:12)
  Psyche (D:12)
  A gargoyle (D:10)
  A komodo dragon (D:12)
  6 trolls
  A hornet (D:12)
  2 hippogriffs
  A vampire (D:9)
  A shadow (D:12)
  A wraith (D:10)
  A wyvern (D:7)
  7 yaks
  A basilisk (D:12)
  A steam dragon (D:10)
  Duvessa (D:6)
  4 sky beasts
  A black bear (D:7)
  4 ice beasts
  7 orc warriors
  4 slaves
  7 phantoms
  An eye of draining (D:9)
  9 ogres
  2 necrophages
  4 centaurs
  A crocodile (D:10)
  6 big kobolds
  10 bullfrogs
  2 gnoll sergeants (D:10)
  Dowan (D:6)
  A scorpion (D:9)
  20 killer bees
  15 wights
  3 howler monkeys
  4 crimson imps
  2 bullfrog zombies
  A bullfrog skeleton (D:4)
  7 hounds
  5 jellies
  2 centaur zombies
  4 orc priests
  3 centaur skeletons
  Terence (D:2)
  An iguana (D:6)
  6 orc wizards
  7 worker ants
  A hound skeleton (D:4)
  2 worker ant zombies
  2 howler monkey skeletons
  5 adders
  11 gnolls
  4 shadow imps
  An ooze (D:1)
  An adder zombie (D:9)
  2 worms (D:2)
  3 dart slugs
  3 leopard geckos
  35 orcs
  3 bats
  8 giant cockroaches
  8 goblins
  8 hobgoblins
  24 jackals
  3 quokkas
  3 ball pythons
  8 frilled lizards
  A giant cockroach zombie (D:5)
  12 kobolds
  2 leopard gecko skeletons (D:4)
  5 rats (D:1)
332 creatures vanquished.

Notes
Turn   | Place    | Note
-------+----------+-------------------------------------------
     0 | D:1      | DasRunzen the Demigod Conjurer began the quest for the Orb.
     0 | D:1      | Reached XP level 1. HP: 14/14 MP: 5/5
    86 | D:1      | Reached XP level 2. HP: 18/22 MP: 1/7
   417 | D:1      | Reached skill level 1 in Fighting
   453 | D:1      | Reached XP level 3. HP: 17/28 MP: 0/8
   728 | D:1      | Learned a level 2 spell: Searing Ray
   924 | D:2      | Noticed a phantom
  1078 | D:2      | Killed a phantom
  1078 | D:2      | Reached XP level 4. HP: 16/36 MP: 2/10
  1214 | D:2      | Noticed Terence
  1249 | D:2      | Killed Terence
  1341 | D:2      | Reached XP level 5. HP: 41/41 MP: 7/12
  2531 | D:3      | Found a burning altar of Makhleb,
  2928 | D:4      | Reached XP level 6. HP: 50/50 MP: 7/13
  3177 | D:4      | Found a snail-covered altar of Cheibriados,
  3177 | D:4      | Found a shadowy altar of Dithmenos,
  3228 | D:4      | Found a staircase to the Ecumenical Temple,
  3258 | D:4      | Reached skill level 5 in Conjurations
  3428 | D:4      | Gained mutation: Armour fits poorly on your strangely
                  | shaped body. [potion of mutation]
  3428 | D:4      | Gained mutation: You are agile. (Dex +2) [potion of
                  | mutation]
  3450 | D:5      | Entered Level 5 of the Dungeon
  3464 | D:5      | Reached XP level 7. HP: 57/57 MP: 10/15
  4651 | D:6      | Reached XP level 8. HP: 58/66 MP: 9/18
  4810 | D:6      | Reached skill level 5 in Dodging
  5085 | D:6      | Reached skill level 5 in Spellcasting
  5110 | D:6      | Reached skill level 5 in Fighting
  5569 | D:6      | Found Sot Pum's Antique Armour Boutique,
  5618 | D:6      | Found a hide-covered altar of Uskayaw,
  6003 | D:7      | Noticed Pikel
  6097 | D:7      | Killed Pikel
  6097 | D:7      | Reached XP level 9. HP: 52/75 MP: 12/21
  6211 | D:7      | Found a burning altar of Makhleb,
  6314 | D:7      | Noticed Duvessa
  6316 | D:7      | Noticed Dowan
  6439 | D:6      | Killed Duvessa
  6441 | D:6      | Killed Dowan
  6882 | D:8      | Noticed a death yak
  6957 | D:9      | Found Latofiyst's Gadget Shop,
  7440 | D:9      | Found an ornate altar of the Wu Jian Council,
  7756 | D:9      | Reached XP level 10. HP: 72/84 MP: 0/23
  8020 | D:8      | Noticed a death yak
  8422 | D:7      | Found a white marble altar of Elyvilon,
  8511 | D:8      | Learned a level 5 spell: Fireball
  8539 | D:8      | Found a staircase to the Lair,
  8769 | D:9      | Found a glowing silver altar of Zin,
  8841 | D:9      | Reached skill level 1 in Fire Magic
  9364 | D:10     | Entered Level 10 of the Dungeon
  9772 | D:10     | Found a staircase to the Orcish Mines,
 10303 | D:10     | Found a shattered altar of Ashenzari,
 10411 | D:10     | Found Poucefux's Armour Shop,
 10416 | D:10     | Bought the cursed +0 pair of gloves of Marbles {rCorr
                  | Slay+2} for 360 gold pieces
 10846 | D:10     | Reached XP level 11. HP: 52/94 MP: 19/26
 11608 | D:11     | Noticed a two-headed ogre
 11618 | D:11     | Killed a two-headed ogre
 13437 | D:12     | Noticed Snorg
 13694 | D:12     | Noticed Psyche
 13702 | D:12     | Killed Psyche
 14151 | D:12     | Slain by Snorg

Levels and vault maps discovered:
D:1:      lightli_arrival_statuegarden, layout_basic, minmay_indecisive_spiral
D:2:      layout_loops_ring, first_ration, uniq_terence
D:3:      layout_basic, makhleb_heckhound_becter
D:4:      layout_rooms, gammafunk_temple_overflow_elements, temple_fountains
D:5:      layout_layer_cave
D:6:      layout_basic, eat_drink_and_be_merry_uskayaw, serial_shops, shop
D:7:      lemuel_upstairs_altar, layout_cave_pools, kennysheep_mini,
          grunt_ogre_cave, uniq_pikel, uniq_duvessa
D:8:      layout_cave_pools, dpeg_lair_monsters
D:9:      layout_basic, zin_treasury, nicolae_overflow_crystal_walls,
          serial_shops, shop
D:10:     layout_loops_corners, kennysheep_orc_monster_closet_entryway,
          basic_altar, serial_shops, kennysheep_little_box
D:11:     layout_cave_pods, hive_lemuel
D:12:     layout_basic, columned_hall_lemuel, uniq_snorg, uniq_psyche

Skill      XL: |  1  2  3  4  5  6  7  8  9 10 11 |
---------------+----------------------------------+-----
Dodging        | 2 3 4 6 7 8 9 |  9.0
Spellcasting   | 2 3 4 5 6 7 8 |  8.3
Fighting       | 1 2 3 4 5 6 7 8 |  8.7
Conjurations   | 4 5 6 7 8 9 |  9.5
Fire Magic     | 3 4 |  4.9
Stealth        | |  1.7

Action                   |  1- 3 |  4- 6 |  7- 9 | 10-12 || total
-------------------------+-------+-------+-------+-------++-------
Melee: Hand axe          |    43 |    90 |    46 |       ||   179
       Spear             |       |       |    88 |    54 ||   142
       Falchion          |       |       |       |    61 ||    61
 Cast: Magic Dart        |    41 |    59 |    50 |    38 ||   188
       Searing Ray       |     5 |    17 |    64 |   101 ||   187
       Fireball          |       |       |       |    10 ||    10
  Use: Scroll            |     4 |     9 |     5 |     7 ||    25
       Potion            |       |     1 |       |     1 ||     2
 Stab: Sleeping          |     1 |       |     3 |       ||     4
       Distracted        |       |       |     1 |       ||     1
  Eat: Chunk             |       |     9 |    10 |    22 ||    41
       Ration            |       |       |     1 |       ||     1
Armor: Robe              |    11 |    26 |    11 |    22 ||    70
Dodge: Dodged            |    30 |    93 |   185 |   295 ||   603
       Rpst.: Falchion   |       |       |       |    56 ||    56

Table legend:
 A = Non-vault XP
 B = Vault XP
 C = Vault XP percentage of total XP
 D = Non-vault monster count
 E = Vault monster count
 F = Vault count percentage of total count
                 A         B        C        D         E       F
            +---------+---------+-------+---------+---------+-------
      Total |   19058 |    3556 |  15.7 |     295 |      33 |  10.1
            +---------+---------+-------+---------+---------+-------
        D:1 |      44 |       5 |  10.2 |      22 |       4 |  15.4
        D:2 |     168 |      36 |  17.6 |      15 |       1 |   6.2
        D:3 |     129 |      43 |  25.0 |      20 |       1 |   4.8
        D:4 |     381 |       0 |   0.0 |      22 |       0 |   0.0
        D:5 |     803 |       0 |   0.0 |      18 |       0 |   0.0
        D:6 |    1276 |     228 |  15.2 |      36 |       2 |   5.3
        D:7 |     944 |     715 |  43.1 |      14 |       2 |  12.5
        D:8 |     808 |     405 |  33.4 |      10 |       2 |  16.7
        D:9 |    2465 |       0 |   0.0 |      30 |       0 |   0.0
       D:10 |    4188 |    1661 |  28.4 |      40 |      20 |  33.3
       D:11 |    3762 |       0 |   0.0 |      36 |       0 |   0.0
       D:12 |    4090 |     463 |  10.2 |      32 |       1 |   3.0
            +---------+---------+-------+---------+---------+-------
